 Dungeon Crawl Stone Soup version 0.31-a0-95-g6fa058ef04 (webtiles) character file.

Game seed: 15707856504051248202

1415 Sobieck the Magician (level 8, 0/41 HPs)
             Began as a Deep Elf Conjurer on May 25, 2023.
             Succumbed to a hornet's poison
             ... while paralysed by a hornet
             ... on level 6 of the Dungeon.
             The game lasted 00:12:53 (6640 turns).

Sobieck the Magician (Deep Elf Conjurer)            Turns: 6640, Time: 00:12:53

Health: 0/41       AC:  8    Str:  4    XL:     8   Next: 43%
Magic:  18/21      EV:  2    Int: 26    God:
Gold:   241        SH:  0    Dex: 13    Spells: 11/22 levels left

rFire   . . .        b - +1 dagger "Gunomet" {vamp, Stlth+}
rCold   . . .        (no shield)
rNeg    . . .        a - +1 robe
rPois   .            f - +0 helmet
rElec   .            (no cloak)
rCorr   .            (no gloves)
SInv    .            (no boots)
Will    .....        (no amulet)
Stlth   +++          k - +4 ring of protection
HPRegen 0.26/turn    (no ring)
MPRegen 0.17/turn

%: no passive effects
@: paralysed, lethally poisoned (0 -> -10), slowed
A: no striking features
a: no special abilities


You were on level 6 of the Dungeon.
You visited 1 branch of the dungeon, and saw 6 of its levels.

You collected 241 gold pieces.

Inventory:

Hand Weapons
 b - the +1 dagger "Gunomet" (weapon) {vamp, Stlth+}
   (You found it on level 2 of the Dungeon)

   Stlth:     It makes you more stealthy.
Armour
 a - a +1 robe (worn)
 d - a +0 kite shield
 e - a +0 tower shield
 f - a +0 helmet (worn)
 m - a +0 kite shield
 p - a +0 pair of boots
Jewellery
 k - a +4 ring of protection (left hand)
 o - a ring of poison resistance
Wands
 h - a wand of mindburst (10)
Scrolls
 j - 3 scrolls of amnesia
 s - 3 scrolls of enchant armour
 T - 2 scrolls of teleportation
Potions
 c - 2 potions of might {unknown}
 g - 2 potions of haste {unknown}
 i - 2 potions of enlightenment {unknown}
 l - 2 potions of attraction {unknown}
 n - 2 potions of mutation {unknown}
 q - 2 potions of brilliance
 t - a potion of ambrosia
 u - a potion of cancellation {unknown}
 v - 2 potions of lignification {unknown}
 Q - 2 potions of curing


   Skills:
 - Level 2.4 Dodging
 - Level 2.4 Stealth
 + Level 7.9 Spellcasting
 + Level 7.5 Conjurations
 + Level 7.1 Hexes
 - Level 4.0 Translocations


You had 11 spell levels left.
You knew the following spells:

 Your Spells              Type           Power      Damage    Failure   Level
a - Magic Dart            Conj           100%       1d8       1%          1
b - Searing Ray           Conj           98%        2d8       1%          2
c - Fulminant Prism       Conj/Hex       21%        3d12      4%          4
d - Iskenderun's Mystic   Conj/Tloc      35%        2d8       8%          4

Your spell library contained the following spells:

 Spells                   Type           Power      Damage    Failure   Level
 Dazzling Flash           Conj/Hex       86%        N/A       1%          3
 Portal Projectile        Hex/Tloc       68%        N/A       2%          3
 Sting                    Tmut/Pois      20%        1d4       9%          1
 Volatile Blastmotes      Fire/Tloc      30%        2d12      12%         3
 Poisonous Vapours        Pois/Air       10%        N/A       13%         2
 Call Canine Familiar     Summ           10%        N/A       17%         3
 Leda's Liquefaction      Hex/Erth       11%        N/A       21%         4
 Olgreb's Toxic Radiance  Pois           10%        N/A       50%         4
 Starburst                Conj/Fire      12%        6d5       95%         6


Dungeon Overview and Level Annotations

Branches:
Dungeon (6/15)
 Temple: D:4-7

Altars:

Annotations:
D:3 1 runed translucent door, Crazy Yiuf
D:6 Eustachio


Message History

Aiming: Fulminant Prism (dangerous; 4% risk of failure)
Press: ? - help, Dir - move target You conjure a prism of explosive energy!
A fulminant prism comes into view.
The hornet closely misses you.
Eustachio casts a spell.
The orc warrior hits your fulminant prism with a +0 war axe!!
Your fulminant prism detonates feebly.
Unknown command.
Casting: Fulminant Prism (dangerous; 4% risk of failure)
Confirm with . or Enter, or press ? or * to list all spells.
Aiming: Fulminant Prism (dangerous; 4% risk of failure)
Press: ? - help, Dir - move target You conjure a prism of explosive energy!
A fulminant prism comes into view.
The hornet stings you but does no damage.
The hornet stings you.
You are poisoned.
You feel yourself slow down.
The orc warrior hits your fulminant prism with a +0 war axe!
Your fulminant prism detonates feebly.
Eustachio gestures wildly while chanting.
Eustachio blinks!
Unknown command.
Unknown command.
Magic courses through your body.
You feel very sick. The hornet stings you.
You feel as though you will be slow longer.
The hornet stings you!
You feel as though you will be slow longer.
You feel better.
The hornet stings you but does no damage.
The hornet stings you.
You feel as though you will be slow longer.
Casting: Fulminant Prism (dangerous; 4% risk of failure)
Confirm with . or Enter, or press ? or * to list all spells.
Aiming: Fulminant Prism (dangerous; 4% risk of failure)
Press: ? - help, Dir - move target You conjure a prism of explosive energy!
A fulminant prism comes into view.
The hornet stings you.
You feel as though you will be slow longer.
The hornet stings you.
* * * LOW HITPOINT WARNING * * *
You are poisoned.
You suddenly lose the ability to move!
The hornet stings you!
* * * LOW HITPOINT WARNING * * *
You feel as though you will be slow longer.
You die...

#.......#....# #
#.#####....#.#
##.#...#.#....#
#....#.#.#.#..#
#....#.#.#....#
#....#.#.####...
#....#.#.. ....
#....#.####
##... #....#@#..
... #....#y#.#
#....#o#.#####
..#.o..o5*......
.....##....#####
................
..#####...?#####
...o..).?.......
#######....#####


You could see a hornet, an orc warrior (ally target), an iron imp (summoned), an
orc and a friendly fulminant prism.

Vanquished Creatures
  Grinder (D:4)
  Pargi (D:4)
  A sky beast (D:6)
  An ogre (D:4)
  A centaur (D:5)
  A gnoll sergeant (D:5)
  A kobold brigand (D:5)
  A scorpion (D:5)
  4 hounds (D:5)
  5 orc priests
  2 sleepcaps (D:5)
  19 gnolls
  5 adders
  A shadow imp (D:6)
  A white imp (D:6)
  An ufetubus (D:3)
  2 worms
  4 dart slugs
  17 orcs
  4 endoplasms
  6 giant cockroaches
  7 goblins
  8 hobgoblins
  7 jackals
  6 quokkas
  6 ball pythons
  6 bats
  5 frilled lizards
  12 kobolds
  6 rats
142 creatures vanquished.

Vanquished Creatures (others)
  51 fulminant prisms
51 creatures vanquished.

Grand Total: 193 creatures vanquished

Notes
Turn   | Place    | Note
-------+----------+-------------------------------------------
     0 | D:1      | Sobieck the Deep Elf Conjurer began the quest for the Orb.
     0 | D:1      | Reached XP level 1. HP: 10/10 MP: 6/6
   251 | D:1      | Reached skill level 1 in Hexes
   280 | D:1      | Reached XP level 2. HP: 15/15 MP: 5/8
   317 | D:1      | Learned a level 2 spell: Searing Ray
  1003 | D:2      | Reached XP level 3. HP: 19/19 MP: 6/10
  1090 | D:2      | Reached XP level 4. HP: 24/24 MP: 6/12
  1214 | D:2      | Learned a level 4 spell: Fulminant Prism
  1293 | D:2      | Identified the +1 dagger "Gunomet" {vamp, Stlth+}
  1320 | D:2      | Found a faded altar of an unknown god.
  1831 | D:2      | Reached skill level 3 in Hexes
  2390 | D:3      | Reached XP level 5. HP: 28/28 MP: 2/14
  2524 | D:3      | Found a runed translucent door.
  2525 | D:3      | Noticed Crazy Yiuf
  3047 | D:4      | Noticed Grinder
  3052 | D:4      | Killed Grinder
  3053 | D:4      | Reached skill level 6 in Conjurations
  3053 | D:4      | Reached XP level 6. HP: 31/32 MP: 7/16
  3145 | D:4      | Learned a level 4 spell: Iskenderun's Mystic Blast
  3394 | D:4      | Reached skill level 6 in Spellcasting
  3394 | D:4      | Reached skill level 1 in Translocations
  3539 | D:4      | Noticed Pargi
  3559 | D:4      | Killed Pargi
  3560 | D:4      | Reached XP level 7. HP: 36/36 MP: 2/18
  4441 | D:5      | Entered Level 5 of the Dungeon
  5037 | D:5      | Reached skill level 6 in Hexes
  5090 | D:5      | Reached skill level 3 in Translocations
  5319 | D:5      | Reached XP level 8. HP: 41/41 MP: 6/20
  6626 | D:6      | Noticed a hornet
  6631 | D:6      | Noticed Eustachio
  6639 | D:6      | Paralysed by a hornet for 2 turns
  6639 | D:6      | HP: 2/41 [hornet (9)]
  6640 | D:6      | Succumbed to a hornet's poison

Illustrated notes

Levels and vault maps discovered:
D:1:      scummos_arrival_gate, layout_basic, minivault_25,
          dreamdust_mushroom_princess
D:2:      layout_basic, ebering_ecumenical_altar_hall
D:3:      layout_loops_ring, grunt_ministairs_6, uniq_crazy_yiuf_cottage
D:4:      minmay_chambers_of_threes, layout_loops_ring, uniq_grinder, uniq_pargi
D:5:      layout_loops_ring, serial_park_tiny_pond, minmay_misc_feat_encased,
          hangedman_decor_diamond_cutter, hex_tiny, dreamdust_gnoll_farm
D:6:      layout_basic, minmay_temple_entry_overgrown, uniq_blork_the_orc,
          uniq_eustachio, uniq_edmund

Skill      XL: |  1  2  3  4  5  6  7  8 |
---------------+-------------------------+-----
Hexes          | 1 2 3 4 5 6 7 |  7.1
Spellcasting   | 4 5 6 7 |  7.9
Conjurations   | 5 6 7 |  7.5
Translocations | 1 3 4 |  4.0
Dodging        | |  2.4
Stealth        | |  2.4

Action                     |  1- 3 |  4- 6 |  7- 9 || total
---------------------------+-------+-------+-------++-------
  Melee: Dagger            |       |       |     2 ||     2
   Cast: Magic Dart        |    44 |    75 |    27 ||   146
         Searing Ray       |     6 |    10 |     8 ||    24
         Fulminant Prism   |       |     3 |    49 ||    52
         Iskenderun's Myst |       |       |     3 ||     3
    Use: Potion            |     1 |       |     2 ||     3
         Scroll            |       |    10 |     4 ||    14
 Armour: Robe              |     1 |     3 |    12 ||    16
  Dodge: Dodged            |     5 |     6 |    34 ||    45

Table legend: (Time is in decaauts)
 A = Elapsed time spent in this place.
 B = Non-inter-level travel time spent in this place.
 C = Inter-level travel time spent in this place.
 D = Time resting spent in this place.
 E = Time spent auto-exploring this place.
 F = Levels seen in this place.
 G = Mean time per level.
                   A        B        C        D        E       F      G
               +--------+--------+--------+--------+--------+-----+--------+
         Total |   6646 |   6314 |    332 |   1035 |   4423 |   6 | 1107.7 |
       Dungeon |   6646 |   6314 |    332 |   1035 |   4423 |   6 | 1107.7 |
               +--------+--------+--------+--------+--------+-----+--------+

Top non-repeatable levels by time:
     D:4: 1905 daAuts
     D:5: 1648 daAuts
     D:2: 1037 daAuts
     D:3: 957 daAuts
     D:1: 899 daAuts
     D:6: 198 daAuts
